 Dungeon Crawl Stone Soup version 0.25-a0-435-g4b9beb1024 (webtiles) character file.

Game seed: 673686347396367475, levelgen mode: deterministic

680 kae the Martial Artist (level 7, 0/57 HPs)
             Began as a Tengu Transmuter on Jan 29, 2020.
             Slain by Duvessa
             ... wielding a +0 rapier
              (14 damage)
             ... on level 4 of the Dungeon.
             The game lasted 00:04:52 (5116 turns).

kae the Martial Artist (Tengu Transmuter)           Turns: 5116, Time: 00:04:52

Health: 0/57       AC:  3    Str: 15    XL:     7   Next: 60%
Magic:  6/11       EV: 13    Int: 19    God:
Gold:   40         SH:  0    Dex: 16    Spells: 4/10 levels left

rFire    . . .     SeeInvis .     - Unarmed
rCold    . . .     Gourm    .   (no shield)
rNeg     . . .     Faith    +   b - +0 robe
rPois    .         Spirit   .   (helmet restricted)
rElec    .         Reflect  .   (no cloak)
rCorr    .         Harm     .   q - +0 pair of gloves
MR       .....                  (boots unavailable)
Stlth    ..........             c - amulet of faith
HPRegen  0.19/turn              (no ring)
MPRegen  0.12/turn              (no ring)

@: brilliant, berserking, very slightly contaminated, invisible, very quick
A: beak, talons 3, able to fly
a: Fly


You were on level 4 of the Dungeon.
You were very hungry.

You visited 1 branch of the dungeon, and saw 4 of its levels.

You collected 40 gold pieces.

Inventory:

Missiles
 a - 35 arrows
 p - a throwing net (quivered)
Armour
 b - a +0 robe (worn)
 q - a +0 pair of gloves (worn)
Jewellery
 c - an amulet of faith (around neck)
Wands
 u - a wand of digging (5)
Scrolls
 f - a scroll of amnesia {unknown}
 h - 2 scrolls of fear {unknown}
 i - 4 scrolls of identify {unknown}
 k - a scroll of teleportation {unknown}
 o - a scroll of blinking {unknown}
 s - a scroll of remove curse {unknown}
Potions
 l - a potion of curing {unknown}
 m - a potion of haste {unknown}
 n - a potion of might {unknown}
 r - 3 potions of mutation {unknown}
Comestibles
 d - 6 rations


   Skills:
 - Level 1.0 Fighting
 - Level 2.1 Dodging
 * Level 8.0 Unarmed Combat
 - Level 2.0 Spellcasting
 + Level 4.1 Transmutations


You had 4 spell levels left.
You knew the following spells:

 Your Spells              Type           Power        Failure   Level  Hunger
a - Beastly Appendage     Tmut           ####..       1%          1    #......
b - Sticks to Snakes      Tmut           ####....     1%          2    ###....
c - Spider Form           Tmut/Pois      ###.......   2%          3    ###....

Your spell library contained the following spells:

 Spells                   Type           Power        Failure   Level  Hunger
 Ice Form                 Ice/Tmut       ###.....     9%          4    #####..
 Blade Hands              Tmut           ####......   10%         5    ######.


Dungeon Overview and Level Annotations

Branches:
Dungeon (4/15)
 Temple: D:4-7

Altars:
Wu Jian

Annotations:
D:4 Duvessa


Innate Abilities, Weirdness & Mutations

You have a beak for a mouth.
You have claws for feet.
You can fly continuously.


Message History

It was a potion of brilliance.
You feel clever all of a sudden.
It was a potion of invisibility.
You fade into invisibility!
It was a potion of berserk rage.
A red film seems to cover your vision as you go berserk!
You feel yourself moving faster!
You feel mighty! Duvessa hits you with a +0 rapier!
Duvessa hits you with a +0 rapier.
* * * LOW HITPOINT WARNING * * *
You catch the helpless Duvessa completely off-guard!
You punch Duvessa! Your kick misses Duvessa.
Duvessa is lightly wounded.
You punch Duvessa! You claw Duvessa! You punch Duvessa.
Duvessa is heavily wounded.
Duvessa hits you with a +0 rapier.
* * * LOW HITPOINT WARNING * * *
You punch Duvessa! Your kick misses Duvessa. You peck Duvessa.
Duvessa is severely wounded.
Duvessa hits you with a +0 rapier!
You die...

#.>e...).......# #.##
#..#....######.## ##.####
#.. #e...# #..#####.##.#
#.. #....# #..........##
...##....## ###.........##
#.........###...........#
##.......##............#
##..>...............)..#
###...........e@.....))..#
#............./####.....##
...........#..## ##....#
.........).#..# #..<##
.##.....#...## ##..#
#....###..## #...
..####..## #.).#######.###
#.....[## ##<..........#
#.###..# #............


You could see Duvessa (berserk).

Vanquished Creatures
  Sigmund (D:3)
  Dowan (D:4)
  3 orc priests
  An iguana (D:4)
  Jessica (D:3)
  Ijyb (D:3)
  Natasha (thrice) (D:4)
  2 orc wizards (D:4)
  Robin (D:2)
  3 adders
  4 gnolls
  An ooze (D:2)
  4 worms
  2 dart slugs
  3 leopard geckos
  4 orcs (D:4)
  8 bats
  4 giant cockroaches
  15 goblins
  12 hobgoblins
  3 jackals (D:4)
  5 kobolds
  2 quokkas (D:3)
  7 frilled lizards
  9 rats
100 creatures vanquished.

Notes
Turn   | Place    | Note
-------+----------+-------------------------------------------
     0 | D:1      | kae the Tengu Transmuter began the quest for the Orb.
     0 | D:1      | Reached XP level 1. HP: 12/12 MP: 4/4
    91 | D:1      | Reached XP level 2. HP: 16/16 MP: 6/6
   212 | D:1      | Reached skill level 4 in Unarmed Combat
   539 | D:1      | Reached XP level 3. HP: 20/20 MP: 7/7
  1746 | D:2      | Learned a level 2 spell: Sticks to Snakes
  1750 | D:2      | Learned a level 3 spell: Spider Form
  2013 | D:2      | Reached XP level 4. HP: 15/25 MP: 6/8
  2046 | D:2      | Noticed Robin
  2393 | D:2      | Killed Robin
  2393 | D:2      | Reached skill level 5 in Unarmed Combat
  2930 | D:3      | Noticed Jessica
  2939 | D:3      | Killed Jessica
  2939 | D:3      | Gained mutation: You can fly continuously. [Tengu growth]
  2939 | D:3      | Reached XP level 5. HP: 18/29 MP: 5/9
  3159 | D:3      | Noticed Ijyb
  3508 | D:3      | Found an ornate altar of the Wu Jian Council.
  3626 | D:3      | Noticed Sigmund
  3638 | D:3      | Killed Sigmund
  3638 | D:3      | Reached skill level 6 in Unarmed Combat
  3638 | D:3      | Reached XP level 6. HP: 17/34 MP: 7/10
  4054 | D:3      | Paralysed by Ijyb for 7 turns
  4071 | D:3      | Killed Ijyb
  4334 | D:3      | Reached skill level 7 in Unarmed Combat
  4681 | D:4      | Reached XP level 7. HP: 32/38 MP: 7/11
  4794 | D:4      | Noticed Natasha
  4812 | D:4      | Killed Natasha
  4923 | D:4      | Noticed Natasha
  4933 | D:4      | Killed Natasha
  5046 | D:4      | Noticed Dowan
  5077 | D:4      | Killed Dowan
  5085 | D:4      | Noticed Duvessa
  5086 | D:4      | Noticed Natasha
  5094 | D:4      | Killed Natasha
  5094 | D:4      | Reached skill level 8 in Unarmed Combat
  5116 | D:4      | Slain by Duvessa

Levels and vault maps discovered:
D:1:      roderic_chinese_lattice_arrival, layout_loops_corners
D:2:      layout_basic, serial_glass, glass_columns_a, glass_columns_c,
          first_ration, uniq_robin
D:3:      layout_basic, nicolae_overflow_crystal_walls, minivault_26,
          uniq_jessica, uniq_ijyb, uniq_sigmund
D:4:      layout_layer_cave, lemuel_crystal_altar, uniq_duvessa, uniq_natasha

Skill      XL: |  1  2  3  4  5  6  7 |
---------------+----------------------+-----
Unarmed Combat | 4 5 6 7 8 |  8.0
Transmutations | 2 3 4 |  4.1
Fighting       | |  1.0
Dodging        | |  2.1
Spellcasting   | |  2.0

Action                   |  1- 3 |  4- 6 |  7- 9 || total
-------------------------+-------+-------+-------++-------
Melee: Unarmed           |    79 |   115 |    63 ||   257
       Kick              |    13 |    15 |     8 ||    36
       Peck              |     9 |    12 |     3 ||    24
       Headbutt          |    11 |     6 |       ||    17
       Punch             |     1 |       |     2 ||     3
 Cast: Beastly Appendage |    16 |    15 |     1 ||    32
       Spider Form       |       |     9 |     5 ||    14
  Use: Potion            |       |       |     3 ||     3
 Stab: Invisible         |       |       |     1 ||     1
  Eat: Chunk             |     3 |    10 |     2 ||    15
Armor: Robe              |    14 |     7 |     4 ||    25
       Skin              |       |     3 |    10 ||    13
Dodge: Dodged            |    51 |    75 |    37 ||   163

Table legend:
 A = Non-vault XP
 B = Vault XP
 C = Vault XP percentage of total XP
 D = Non-vault monster count
 E = Vault monster count
 F = Vault count percentage of total count
                 A         B        C        D         E       F
            +---------+---------+-------+---------+---------+-------
      Total |     534 |     438 |  45.1 |      82 |      18 |  18.0
            +---------+---------+-------+---------+---------+-------
        D:1 |      40 |       0 |   0.0 |      23 |       0 |   0.0
        D:2 |      72 |      38 |  34.5 |      20 |      13 |  39.4
        D:3 |      94 |     296 |  75.9 |      21 |       3 |  12.5
        D:4 |     328 |     104 |  24.1 |      18 |       2 |  10.0
            +---------+---------+-------+---------+---------+-------
